 Dungeon Crawl Stone Soup version 0.17-a0-2122-g03d97ec (webtiles) character file.

8950 brucemayne the Cleaver (level 11, -8/85 HPs)
             Began as a Demonspawn Berserker on Oct 21, 2015.
             Was a Priest of Trog.
             Mangled by Rupert
             ... wielding a +2 battleaxe of electrocution
              (14 damage)
             ... on level 3 of the Orcish Mines.
             The game lasted 00:15:03 (2878 turns).

brucemayne the Cleaver (Demonspawn Berserker)       Turns: 2878, Time: 00:15:04

Health: -8/85      AC: 18    Str: 22 (24) XL:     11   Next: 16%
Magic:  0/11       EV: 10    Int:  8 (9)  God:    Trog [***...]
Gold:   464        SH:  0    Dex: 15      Spells: 0 memorised, 10 levels left

rFire  + . .     SeeInvis .     w - +1 war axe (chop)
rCold  . . .     Rnd*Rage +     k - +7 scale mail of Animib {Str+4}
rNeg   + . .     SustAt   .     (no shield)
rPois  .         Gourm    .     (no helmet)
rElec  .         Spirit   +     (no cloak)
rCorr  .         Warding  .     (no gloves)
rMut   .         Stasis   .     u - +1 pair of boots
MR     .....                    (no amulet)
Stlth  +.........               (no ring)
                                e - ring of positive energy

@: exhausted, slowed, very slow, not resistant to hostile enchantments, very
unstealthy
A: claws 1, rugged brown scales 2, camouflage 1, agile 1, berserk 1,
deterioration 1, fire resistance 1, screaming 1, magic shield, flame cloud
immunity, subdued magic 1
a: Berserk, Trog's Hand, Burn Spellbooks, Renounce Religion


You were on level 3 of the Orcish Mines.
You worshipped Trog.
Trog was most pleased with you.
You were not hungry.

You visited 2 branches of the dungeon, and saw 16 of its levels.

You collected 464 gold pieces.

Inventory:

Hand Weapons
 a - a +0 hand axe
 q - a +2 whip of pain
 w - a +1 war axe of chopping (weapon)
Armour
 b - a +0 animal skin
 i - a +0 ring mail
 k - the +7 scale mail of Animib (worn) {Str+4}
   (You found it on level 7 of the Dungeon)

   It affects your strength (+4).
 u - a +1 pair of boots (worn)
 x - a +0 plate armour
Jewellery
 e - a ring of positive energy (left claw)
Wands
 j - a wand of paralysis (8)
 m - a wand of frost (28)
 n - a wand of disintegration (9)
 o - a wand of paralysis (16)
 s - a wand of polymorph (11)
 v - a wand of lightning (8)
 y - a wand of hasting (1)
 z - a wand of hasting (5)
 B - a wand of paralysis (5)
Scrolls
 d - a scroll of remove curse
 r - a scroll of enchant armour
Potions
 g - a potion of lignification
Books
 h - a book of Beasts

   Spells                             Type                      Level
   a - Summon Butterflies             Summoning                    1
   b - Call Canine Familiar           Summoning                    3
   c - Summon Ice Beast               Ice/Summoning                4
   d - Summon Mana Viper              Hexes/Summoning              5
   e - Summon Hydra                   Summoning                    7
   Trog disapproves of the use of such an item.
Miscellaneous
 p - a fan of gales
Comestibles
 c - 4 bread rations
 f - 2 meat rations
 l - 11 chunks of flesh


   Skills:
 + Level 6.2 Fighting
 - Level 14.0 Axes
 + Level 5.2 Armour
 - Level 1.7 Dodging


You had 10 spell levels left.
You didn't know any spells.

Dungeon Overview and Level Annotations

Branches:
Dungeon (13/15)              Lair (0/8) D:11            Orc (3/4) D:11
 Temple: D:4-7          Elf: Orc:3-4     Vaults: D:13-14

Altars:
Ashenzari
Dithmenos
Gozag
Kikubaaqudgha
Trog
Zin

Shops:
D:12 *

Annotations:
Orc:3 Rupert


Innate Abilities, Weirdness & Mutations

You have sharp fingernails.
You are mostly covered in rugged brown scales (AC +2, +5% HP).
Your flesh is heat resistant.
When hurt, damage is shared between your health and your magic reserves.
You are immune to clouds of flame.
Your skin changes colour to match your surroundings (Stealth).
You are agile. (Dex +2)
You tend to lose your temper in combat.
Your body sometimes deteriorates upon taking damage.
You occasionally shout uncontrollably at your foes.
Your spells are a little easier to cast, but a little less powerful.


Message History

You kill the warg!
Trog accepts your kill.
You hit Rupert.
Rupert is severely wounded.
Unknown command.
You hit Rupert.
Rupert is severely wounded.
You are no longer berserk.
You are exhausted.
You feel yourself slow down.
Rupert hits you with a battleaxe of electrocution!
* * * LOW HITPOINT WARNING * * *
Your body deteriorates!
You feel dopey.
You're too confused to move!
You feel less confused. Rupert barely misses you.
Rupert hits you with a battleaxe of electrocution!!
* * * LOW HITPOINT WARNING * * *
You are electrocuted!
You die...

# ##.##
#....##
#...@##
##$.@.#
#.....#
#......
#........
....#.#....
##...###....#
.... #....#
.$ .....$


You could see Rupert (berserk).

Vanquished Creatures
  2 unseen horrors
  An orc knight (Orc:1)
  2 ugly things
  2 orc sorcerers
  A centaur zombie (D:12)
  A gargoyle (D:12)
  2 trolls (D:12)
  2 two-headed ogres
  A shadow (D:12)
  A deep elf mage (D:12)
  4 yaks (D:9)
  2 hungry ghosts (D:11)
  2 hippogriffs
  A warg (Orc:3)
  2 sky beasts
  4 ogres
  A water moccasin (D:9)
  A black bear (D:9)
  An eye of draining (D:12)
  A phantom (D:11)
  4 orc warriors
  2 ice beasts
  2 centaurs
  A necrophage (D:9)
  2 giant frogs (D:9)
  2 troll zombies (D:11)
  A giant frog zombie (D:11)
  A crimson imp (D:12)
  A jelly (D:9)
  12 orc wizards
  3 orc priests
  A centaur skeleton (D:8)
  5 hounds
  3 worker ants
  Terence (D:3)
  3 ogre zombies (D:11)
  3 adders
  3 gnolls
  A shadow imp (D:8)
  3 giant geckos
  36 orcs
  A giant cockroach (D:1)
  2 goblins
  5 hobgoblins
  A ball python (D:1)
  4 bats
  A goblin skeleton (D:11)
  2 goblin zombies (D:11)
  A hobgoblin skeleton (D:11)
  4 orc skeletons (D:11)
  13 orc zombies (D:11)
  A quokka (D:5)
  A quokka zombie (D:9)
  A rat (D:2)
161 creatures vanquished.

Notes
Turn   | Place    | Note
--------------------------------------------------------------
     0 | D:1      | brucemayne the Demonspawn Berserker began the quest for the Orb.
     0 | D:1      | Reached XP level 1. HP: 18/18 MP: 1/1
    53 | D:1      | Gained mutation: You have sharp fingernails. [demonic ancestry]
    53 | D:1      | Reached XP level 2. HP: 18/24 MP: 2/2
   106 | D:2      | Found a shattered altar of Ashenzari.
   133 | D:3      | Noticed Terence
   137 | D:3      | Gained mutation: You are partially covered in rugged brown scales (AC +1, +3% HP). [demonic ancestry]
   137 | D:3      | Reached XP level 3. HP: 14/29 MP: 3/3
   143 | D:3      | HP: 2/43 [Terence/mace (10)]
   146 | D:3      | Killed Terence
   146 | D:3      | Reached ** piety under Trog
   146 | D:3      | Reached skill level 4 in Axes
   304 | D:5      | Entered Level 5 of the Dungeon
   326 | D:5      | Gained mutation: When hurt, damage is shared between your health and your magic reserves. [demonic ancestry]
   326 | D:5      | Reached XP level 4. HP: 19/36 MP: 4/4
   354 | D:5      | Found a glowing silver altar of Zin.
   355 | D:5      | Found an opulent altar of Gozag.
   437 | D:7      | Found a bloodstained altar of Trog.
   489 | D:7      | Found an ancient bone altar of Kikubaaqudgha.
   513 | D:7      | Reached skill level 5 in Axes
   513 | D:7      | Gained mutation: You are mostly covered in rugged brown scales (AC +2, +5% HP). [demonic ancestry]
   513 | D:7      | Reached XP level 5. HP: 43/43 MP: 5/5
   595 | D:7      | Got a faintly humming scale mail
   606 | D:7      | Identified the +7 scale mail of Animib {Str+4} (You found it on level 7 of the Dungeon)
   638 | D:8      | Noticed a sky beast
   657 | D:8      | Killed a sky beast
   657 | D:8      | Reached skill level 6 in Axes
   657 | D:8      | Gained mutation: Your flesh is heat resistant. [demonic ancestry]
   657 | D:8      | Reached XP level 6. HP: 49/49 MP: 6/6
   805 | D:9      | Reached skill level 7 in Axes
   808 | D:9      | Gained mutation: You are immune to clouds of flame. [demonic ancestry]
   808 | D:9      | Reached XP level 7. HP: 54/54 MP: 5/7
   857 | D:8      | Found a shadowy altar of Dithmenos.
   867 | D:9      | Noticed a water moccasin
   882 | D:9      | Killed a water moccasin
   882 | D:9      | Reached skill level 8 in Axes
  1055 | D:9      | Noticed a yak
  1056 | D:9      | Noticed a yak
  1058 | D:9      | Noticed a yak
  1059 | D:9      | Noticed a yak
  1067 | D:9      | Killed a yak
  1067 | D:9      | Reached skill level 9 in Axes
  1067 | D:9      | Reached XP level 8. HP: 48/60 MP: 4/8
  1073 | D:9      | Killed a yak
  1076 | D:9      | Reached skill level 10 in Axes
  1077 | D:9      | Killed a yak
  1077 | D:9      | Killed a yak
  1168 | D:9      | Reached *** piety under Trog
  1182 | D:9      | Reached skill level 11 in Axes
  1182 | D:9      | Reached XP level 9. HP: 45/66 MP: 5/9
  1218 | D:10     | Entered Level 10 of the Dungeon
  1391 | D:11     | Found a staircase to the Lair.
  1650 | D:12     | Killed an unseen horror
  1650 | D:12     | Reached skill level 12 in Axes
  1717 | D:12     | Noticed a gargoyle
  1718 | D:12     | Noticed a centaur zombie
  1733 | D:12     | Killed a gargoyle
  1736 | D:12     | Killed a centaur zombie
  1796 | D:12     | Reached skill level 13 in Axes
  1796 | D:12     | Reached XP level 10. HP: 60/73 MP: 6/10
  1913 | D:12     | Noticed a cyan ugly thing
  1943 | D:12     | Killed a cyan ugly thing
  1955 | D:12     | Gained mutation: Your spells are a little easier to cast, but a little less powerful. [mutagenic meat]
  1956 | D:12     | Gained mutation: Your magical capacity is low (-10% MP). [mutagenic meat]
  1957 | D:12     | Gained mutation: You occasionally shout uncontrollably at your foes. [mutagenic meat]
  1963 | D:12     | Lost mutation: Your magical capacity is low (-10% MP). [potion of mutation]
  1963 | D:12     | Gained mutation: Your skin changes colour to match your surroundings (Stealth). [potion of mutation]
  1963 | D:12     | Gained mutation: You tend to lose your temper in combat. [potion of mutation]
  2149 | D:12     | Found Efygham's Assorted Antiques.
  2230 | D:12     | Reached skill level 14 in Axes
  2429 | D:11     | Found a staircase to the Orcish Mines.
  2429 | D:11     | Noticed an orc sorcerer
  2486 | D:11     | Noticed a white ugly thing
  2549 | D:11     | Killed an unseen horror
  2550 | D:11     | Killed an orc sorcerer
  2550 | D:11     | Reached skill level 5 in Fighting
  2550 | D:11     | Killed a white ugly thing
  2588 | D:11     | Gained mutation: You are agile. (Dex +2) [mutagenic meat]
  2589 | D:11     | Gained mutation: Your body sometimes deteriorates upon taking damage. [mutagenic meat]
  2651 | Orc:1    | Entered Level 1 of the Orcish Mines
  2652 | Orc:1    | Noticed an orc sorcerer
  2653 | Orc:1    | Noticed an orc knight
  2664 | Orc:1    | Killed an orc sorcerer
  2664 | Orc:1    | Reached XP level 11. HP: 84/84 MP: 9/11
  2675 | Orc:1    | Killed an orc knight
  2685 | Orc:1    | Reached skill level 5 in Armour
  2861 | Orc:3    | Noticed Rupert
  2878 | Orc:3    | Mangled by Rupert

Vault maps used:
D:1:      tarquinn_simple_flora_water_d
D:2:      ashenzari_altar_1
D:3:      old_standard_altar, lemuel_crystal_altar, hangedman_decor_points,
          kennysheep_generic_room_9, uniq_terence, uniq_robin
D:4:      grunt_temple_overflow_forces_of_nature, minmay_temple_entry_junction,
          serial_shops, nicolae_shop_stone
D:5:      grunt_temple_overflow_gold_and_silver, yredelemnul_altar_generic,
          old_standard_altar, first_bread
D:6:      lemuel_doored_altar, uniq_sigmund
D:7:      overflow_temple_1_default, kennysheep_mini_moat, supply_closet_lemuel,
          grunt_ogre_cave, uniq_joseph
D:8:      led_sif_pool, basic_altar, serial_shops,
          nicolae_shop_competitors_out_of_business, uniq_grum
D:10:     serial_shops, nicolae_shop_statue_plus
D:11:     lair_0_dummy, zombieorc2_lemuel
D:12:     serial_shops, shop
D:13:     grunt_ministairs_11, uniq_nessos
Orc:1:    basic_altar
Orc:3:    nicolae_orc_pool_cavern, uniq_maud, uniq_urug, uniq_rupert

Action                   |  1- 3 |  4- 6 |  7- 9 | 10-12 || total
-------------------------+-------+-------+-------+-------++-------
Melee: Hand axe          |    59 |    53 |    98 |       ||   210
       War axe           |       |       |    66 |   229 ||   295
Invok: Berserk           |     1 |     4 |     6 |     6 ||    17
       Trog's Hand       |     1 |       |     4 |    10 ||    15
Evoke: Wand              |       |       |       |     1 ||     1
  Use: Scroll            |       |     2 |     5 |     3 ||    10
       Potion            |       |       |     1 |     9 ||    10
  Eat: Chunk             |       |     3 |     9 |    13 ||    25
       Bread ration      |       |       |     1 |     1 ||     2
       Meat ration       |       |       |       |     1 ||     1
       Pizza             |       |       |       |     1 ||     1
